 Dungeon Crawl Stone Soup version 0.26-a0-6-g448add79b7 (webtiles) character file.

Game seed: 9807921267980155028, levelgen mode: deterministic

269312 Foltvin the Scorcher (level 20, -4/124 HPs)
             Began as a Gargoyle Earth Elementalist on May 24, 2020.
             Was the Champion of Vehumet.
             Slain by Mennas
             ... wielding a +2 sacred scourge of holy wrath
              (13 damage)
             ... on level 2 of the Vaults.
             The game lasted 01:43:33 (51142 turns).

Foltvin the Scorcher (Gargoyle Earth Elementalist) Turns: 51142, Time: 01:43:33

Health: -4/124     AC: 26    Str: 15    XL:     20   Next: 17%
Magic:  16/36      EV: 22    Int: 28    God:    Vehumet [******]
Gold:   3715       SH:  0    Dex: 16    Spells: 10/43 levels left

rFire    + . .     SeeInvis .   A - +11 quarterstaff of Impermanence {vorpal, Dex+3}
rCold    . . .     Gourm    .   (shield currently unavailable)
rNeg     + . .     Faith    .   W - +2 robe {rF+}
rPois    ∞         Spirit   .   (helmet restricted)
rElec    +         Reflect  .   h - +2 cloak
rCorr    .         Harm     .   c - +2 pair of gloves {Dex+3}
MR       +....                  (no boots)
Stlth    +.........             a - amulet of the acrobat
HPRegen  0.30/turn              V - +6 ring of intelligence
MPRegen  0.25/turn              R - ring of wizardry

@: mighty, flying, glowing, silenced
A: big wings, horns 1, repulsion field 1, blurry vision 2, negative energy
resistance 1, electricity resistance, unbreathing, petrification resistance, rot
immunity, AC +15
}: 2/15 runes: barnacled, gossamer
a: Stop Flying, Renounce Religion


You were on level 2 of the Vaults.
You worshipped Vehumet.
Vehumet was exalted by your worship.
You were hungry.

You visited 7 branches of the dungeon, and saw 34 of its levels.

You collected 4827 gold pieces.
You spent 1112 gold pieces at shops.

Inventory:

Hand Weapons
 p - a +4 lajatang
 A - the +11 quarterstaff of Impermanence (weapon) {vorpal, Dex+3}
   (You acquired it on level 2 of the Shoals)

   It inflicts extra damage upon your enemies.
   It affects your dexterity (+3).
Missiles
 b - 590 stones (quivered)
Armour
 c - a +2 pair of gloves of dexterity (worn)
 h - a +2 cloak (worn)
 m - the +2 helmet of Fanaticism {rC+}
   (You took it off Robin on level 3 of the Dungeon)

   It protects you from cold.
 W - a +2 robe of fire resistance (worn)
Magical Staves
 x - an uncursed staff of cold
Jewellery
 a - an amulet of the acrobat (around neck)
 y - a +6 ring of intelligence
 B - an uncursed ring of protection from fire
 G - an uncursed ring of protection from fire
 R - a ring of wizardry (right hand)
 V - a +6 ring of intelligence (left hand)
Wands
 w - a wand of polymorph (2)
 M - a wand of paralysis (20)
 Q - a wand of digging (5)
 S - a wand of iceblast (6)
Scrolls
 f - 2 scrolls of fear
 i - 14 scrolls of identify
 l - a scroll of fog
 n - 8 scrolls of enchant armour
 o - 16 scrolls of teleportation
 s - 13 scrolls of remove curse
 t - 2 scrolls of magic mapping
 I - a scroll of holy word
 P - 2 scrolls of blinking
 U - 6 scrolls of amnesia
Potions
 e - 8 potions of curing
 k - 8 potions of brilliance
 r - 3 potions of resistance
 v - 5 potions of ambrosia
 K - 6 potions of stabbing
 T - 2 potions of cancellation
Comestibles
 d - 26 rations


   Skills:
 + Level 13.3 Fighting
 + Level 12.3 Staves
 - Level 6.0 Armour
 + Level 10.8 Dodging
 - Level 2.1 Stealth
 + Level 12.3 Spellcasting
 + Level 13.9 Conjurations
 - Level 0.7 Transmutations
 + Level 16.2 Fire Magic
 * Level 15.7 Earth Magic
 - Level 6.0 Evocations


You had 10 spell levels left.
You knew the following spells:

 Your Spells              Type           Power        Failure   Level  Hunger
a - Sandblast             Erth           ######       0%          1    None
b - Stone Arrow           Conj/Erth      ######       0%          3    None
c - Lee's Rapid Deconstr  Erth           #######...   1%          5    ##.....
d - Iron Shot             Conj/Erth      #######...   1%          6    #####..
e - Irradiate             Conj/Tmut      ######....   1%          5    ##.....
f - Fireball              Conj/Fire      #######...   1%          5    ##.....
g - Ignition              Fire           #######...   3%          8    #######

Your spell library contained the following spells:

 Spells                   Type           Power        Failure   Level  Hunger
 Lehudib's Crystal Spear  Conj/Erth      #######...   5%          8    #######
 Fire Storm               Conj/Fire      #######...   50%         9    #######
 Absolute Zero            Ice            ###.......   100%        9    #######
 Foxfire                  Conj/Fire      ####         0%          1    None
 Conjure Flame            Conj/Fire      #######.     0%          3    None
 Corona                   Hex            ###....      1%          1    None
 Summon Butterflies       Summ           ###.....     1%          1    None
 Summon Small Mammal      Summ           ###.         1%          1    None
 Call Imp                 Summ           ###.....     1%          2    None
 Corpse Rot               Necr/Air       N/A          1%          2    None
 Ensorcelled Hibernation  Hex/Ice        ###...       1%          2    None
 Passwall                 Tmut/Erth      ######..     1%          2    None
 Poisonous Vapours        Pois/Air       ###...       1%          2    None
 Slow                     Hex            ###.....     1%          2    None
 Dazzling Flash           Conj/Hex       ######       1%          3    None
 Inner Flame              Hex/Fire       ######..     1%          3    None
 Mephitic Cloud           Conj/Pois/Air  #####...     1%          3    None
 Static Discharge         Conj/Air       ######..     1%          3    None
 Leda's Liquefaction      Hex/Erth       ######....   1%          4    None
 Petrify                  Tmut/Erth      ######..     1%          4    None
 Sticky Flame             Conj/Fire      #######.     1%          4    None
 Borgnjor's Vile Clutch   Necr/Erth      ######....   1%          5    ##.....
 Lightning Bolt           Conj/Air       ######....   1%          5    ##.....
 Call Canine Familiar     Summ           ###.....     4%          3    None
 Confusing Touch          Hex            ###.....     4%          3    None
 Gell's Gravitas          Tloc           ###.......   4%          3    None
 Portal Projectile        Hex/Tloc       ###...       4%          3    None
 Recall                   Summ/Tloc      N/A          4%          3    None
 Summon Guardian Golem    Hex/Summ       ###.....     4%          3    None
 Tukima's Dance           Hex            ###.....     4%          3    None
 Freezing Cloud           Conj/Ice/Air   #####.....   8%          6    #####..
 Yara's Violent Unravell  Hex/Tmut       ###.......   9%          5    ##.....
 Animate Dead             Necr           N/A          12%         4    None
 Cause Fear               Hex            ###.......   12%         4    None
 Summon Ice Beast         Ice/Summ       ###.....     12%         4    None
 Summon Lightning Spire   Summ/Air       ###.....     12%         4    None
 Metabolic Englaciation   Hex/Ice        ###.......   32%         5    ##.....
 Summon Forest            Summ/Tloc      ###.......   32%         5    ##.....
 Summon Mana Viper        Hex/Summ       ###.....     32%         5    ##.....
 Ring of Flames           Chrm/Fire      ######....   34%         7    ######.
 Shatter                  Erth           #######...   41%         9    #######
 Hydra Form               Tmut           ###.......   78%         6    #####..
 Eringya's Noxious Bog    Tmut/Pois      ###.......   82%         6    #####..
 Death Channel            Necr           ###.......   86%         6    #####..
 Simulacrum               Ice/Necr       ###.......   86%         6    #####..
 Dragon Form              Tmut           ###.......   100%        7    ######.
 Summon Hydra             Summ           ###.......   100%        7    ######.
 Tornado                  Air            ###.......   100%        9    #######
 Statue Form              Tmut/Erth      Unusable     N/A         6    N/A

Dungeon Overview and Level Annotations

Branches:
Dungeon (15/15)            Temple (1/1) D:4            Lair (6/6) D:11
 Shoals (4/4) Lair:4       Spider (4/4) Lair:3        Slime (0/5) Lair:6
    Orc (2/2) D:12            Elf (0/3) Orc:2        Vaults (2/5) D:13
  Crypt (0/3) Vaults:2     Depths (0/5) D:15

Altars:
Ashenzari
Cheibriados
Dithmenos
Elyvilon
Fedhas
Gozag
Hepliaklqana
Kikubaaqudgha
Makhleb
Nemelex Xobeh
Okawaru
Qazlal
Ru
Trog
Uskayaw
Vehumet
Wu Jian
Xom
Yredelemnul
Zin
The Shining One
Beogh
Jiyva

Shops:
D:4 :   D:5 :   D:6 %   Orc:1 (   Orc:2 [=**   Vaults:1 (

Annotations:
D:6 1 runed translucent door
Vaults:2 Mennas


Innate Abilities, Weirdness & Mutations

You are resistant to torment.
Your stone body is resilient. (AC +15)
You are immune to poison.
Your large and strong wings let you fly indefinitely.
You resist negative energy. (rN+)
You are resistant to electric shocks. (rElec)
You can survive without breathing.
You are immune to petrification.
You are immune to rotting.
You have a pair of small horns on your head.
You are surrounded by a mild repulsion field. (EV +2)
Scrolls take you longer to read.


Message History

Unknown command.
You feel better.
You feel less invigorated. Mennas misses you.
Mennas hits you with a +2 sacred scourge of holy wrath.
* * * LOW HITPOINT WARNING * * *
Unknown command.
Mennas completely misses you.
Mennas hits you with a +2 sacred scourge of holy wrath!
* * * LOW HITPOINT WARNING * * *
Unknown command.
You feel better.
Mennas hits you with a +2 sacred scourge of holy wrath!
* * * LOW HITPOINT WARNING * * *
Mennas hits you but does no damage.
Unknown command.
You feel better.
Mennas hits you with a +2 sacred scourge of holy wrath.
* * * LOW HITPOINT WARNING * * *
Mennas closely misses you. x2
Mennas hits you with a +2 sacred scourge of holy wrath!
You die...

....#...#......#.................
....#...#......#.................
....#'###'######.......######'###
#†..#..........#.......##........
†.#.#.########.#.......##........
'...#.#........#.......##........
#####.#.######.#.......##........
...##.#.[.)..#.#.......##........
...##.#.####.#.#@......##........
...##.#.#....#.#A......##........
#'###.#.#.>..#.#(......#######'##
#...'.#.#....#.#.......##......#
#.#.#.#.####.#.#.......##......##
#...#.#......#.#.......##......##
....#.#.######.#.......##......##
(...#.#........#.......##......##
....#.########.#.......##......##


You could see Mennas (silencing).

Vanquished Creatures
  Xtahua (Vaults:2)
  Arachne (Spider:3)
  Rupert (Lair:4)
  A lich (Vaults:1)
  Frances (Spider:2)
  A kraken (Shoals:2)
  Gastronok (D:12)
  Ilsuiw (Shoals:2)
  3 ghost moths (Spider:4)
  A fire giant (D:15)
  6 vault wardens
  Louise (Shoals:4)
  A frost giant (Vaults:1)
  An orc warlord (Vaults:1)
  9 emperor scorpions
  3 ironheart preservers (Vaults:2)
  A stone giant (Orc:2)
  An entropy weaver (Spider:3)
  A vampire knight (Vaults:2)
  3 spark wasps
  An ettin (Vaults:1)
  6 merfolk javelineers
  2 fire dragons (Vaults:1)
  8 merfolk impalers
  An ice dragon (Vaults:1)
  7 yaktaur captains
  A great orb of eyes (Vaults:1)
  3 hydras
  Harold (D:9)
  A merfolk aquamancer (Shoals:4)
  A deep troll shaman (Vaults:2)
  20 two-headed ogres
  12 ogre magi
  An alligator snapping turtle (Shoals:4)
  6 satyrs
  7 centaur warriors
  3 merfolk avatars
  The ghost of Sensen the Eye of the Storm, a novice DsFi of Qazlal (D:10)
  A vampire mage (Vaults:2)
  A tengu warrior (D:15)
  15 death yaks
  5 skeletal warriors (D:15)
  9 sea snakes
  2 flayed ghosts (Vaults:1)
  4 wizards
  6 unseen horrors
  14 orc knights
  4 deep trolls (Vaults:2)
  A swamp dragon (shapeshifter) (D:14)
  5 deep elf archers (Vaults:1)
  A lindwurm (shapeshifter) (D:12)
  3 ironbrand convokers (Vaults:1)
  15 orb spiders
  A necromancer (Lair:4)
  28 wolf spiders
  15 ugly things
  4 harpies
  An orc sorcerer (Orc:1)
  A wolf spider (shapeshifter) (D:13)
  17 fauns
  3 deep elf magi
  11 cyclopes
  12 manticores
  Maurice (D:13)
  2 centaur zombies
  7 elephants
  9 water nymphs
  A black mamba (shapeshifter) (Vaults:1)
  2 moths of wrath
  7 black mambas
  11 merfolk sirens
  A guardian serpent (Lair:6)
  A gargoyle (D:15)
  2 vault sentinels
  19 spiny frogs
  3 freezing wraiths
  Maggie (Lair:2)
  4 komodo dragons
  An efreet (D:14)
  5 kobold demonologists
  26 yaktaurs
  3 rime drakes
  3 torpor snails
  11 demonic crawlers
  5 tengu conjurers (D:15)
  3 meliai (D:14)
  9 hornets
  4 wind drakes
  3 polar bears
  7 trolls
  24 merfolk
  25 jumping spiders
  8 slime creatures
  A harpy skeleton (D:15)
  11 hippogriffs
  A meliai zombie (D:15)
  7 snapping turtles
  18 blink frogs
  11 dream sheep
  78 redbacks
  Eustachio (D:6)
  6 water elementals (Shoals:4)
  A shadow (D:15)
  23 yaks
  25 tarantellas
  17 wyverns
  A human (D:10)
  4 hogs (Lair:4)
  A tarantella (shapeshifter) (Vaults:1)
  5 basilisks
  3 hungry ghosts
  11 wargs
  A soldier ant (D:14)
  An acid dragon (Vaults:1)
  16 water moccasins
  12 porcupines
  2 ice beasts
  2 sky beasts
  A black bear (D:8)
  An eye of draining (D:14)
  42 orc warriors
  A phantom (D:12)
  A necrophage (D:5)
  2 elephant zombies (Lair:4)
  12 wolves
  16 ogres
  20 centaurs
  13 crocodiles
  13 big kobolds
  2 wyvern zombies
  15 bullfrogs
  A gnoll sergeant (D:6)
  4 scorpions
  7 killer bees
  A wight (Vaults:2)
  9 electric eels
  2 howler monkeys
  5 crimson imps
  3 centaur skeletons
  4 hounds
  5 jellies
  12 orc priests
  22 orc wizards
  Jessica (D:3)
  2 bullfrog skeletons
  7 iguanas
  15 worker ants
  2 crocodile zombies (Lair:4)
  A hound zombie (D:10)
  A hound skeleton (D:5)
  2 worker ant zombies
  Robin (D:3)
  A howler monkey zombie (D:2)
  6 gnolls
  8 adders
  3 shadow imps
  4 worms
  5 leopard geckos
  100 orcs
  4 ball pythons
  4 bats
  5 giant cockroaches
  19 goblins
  2 hobgoblins
  21 jackals
  8 quokkas
  6 frilled lizards
  24 kobolds
  A leopard gecko zombie (D:8)
  A quokka skeleton (D:6)
  6 rats
  A butterfly (D:6)
  3 fungi
  9 plants
  3 tentacles (Shoals:2)
1257 creatures vanquished.

Vanquished Creatures (others)
  Kirke (Lair:4)
  A fire giant (Vaults:1)
  An electric eel (Lair:4)
  An orc wizard (D:10)
  33 fungi
  73 plants
  A tentacle (Shoals:2)
111 creatures vanquished.

Grand Total: 1368 creatures vanquished

Notes
Turn   | Place    | Note
-------+----------+-------------------------------------------
     0 | D:1      | Foltvin the Gargoyle Earth Elementalist began the quest for
                  | the Orb.
     0 | D:1      | Reached XP level 1. HP: 10/10 MP: 3/3
   235 | D:1      | Found a sparkling altar of Nemelex Xobeh.
   902 | D:2      | Reached XP level 2. HP: 13/15 MP: 1/5
  1172 | D:2      | Reached XP level 3. HP: 15/19 MP: 4/7
  1181 | D:2      | Learned a level 3 spell: Stone Arrow
  1612 | D:2      | Reached skill level 1 in Conjurations
  1612 | D:2      | Reached XP level 4. HP: 24/24 MP: 4/8
  2522 | D:3      | Reached skill level 5 in Earth Magic
  2743 | D:3      | Reached XP level 5. HP: 28/28 MP: 6/10
  3330 | D:3      | Noticed Jessica
  3336 | D:3      | Killed Jessica
  3336 | D:3      | Reached XP level 6. HP: 28/32 MP: 11/11
  3375 | D:3      | Identified the +2 helmet of Fanaticism {rC+}
  3375 | D:3      | Noticed Robin
  3405 | D:3      | Killed Robin
  3967 | D:4      | Found Quamyo's Book Boutique.
  4031 | D:4      | Found a shattered altar of Ashenzari.
  4171 | D:4      | Found a staircase to the Ecumenical Temple.
  4180 | Temple   | Entered the Ecumenical Temple
  4236 | Temple   | Became a worshipper of Vehumet
  4482 | D:5      | Entered Level 5 of the Dungeon
  4629 | D:5      | Found Iputoz's Book Emporium.
  4709 | D:5      | Reached XP level 7. HP: 28/36 MP: 10/13
  5355 | D:5      | Reached skill level 5 in Spellcasting
  5355 | D:5      | Reached XP level 8. HP: 35/41 MP: 6/15
  5387 | D:5      | Learned a level 5 spell: Lee's Rapid Deconstruction
  5528 | D:6      | Found Voolay's Food Shop.
  5532 | D:6      | Noticed Eustachio
  5547 | D:6      | Killed Eustachio
  5547 | D:6      | Reached skill level 5 in Conjurations
  5694 | D:6      | Reached skill level 1 in Fighting
  5827 | D:6      | Found an ancient bone altar of Kikubaaqudgha.
  5889 | D:6      | Found a runed translucent door.
  5890 | D:6      | Found a runed translucent door.
  5910 | D:6      | Reached skill level 1 in Armour
  5910 | D:6      | Reached skill level 1 in Staves
  5912 | D:6      | Reached skill level 1 in Evocations
  5969 | D:6      | Reached * piety under Vehumet
  5969 | D:6      | Offered knowledge of Magic Dart by Vehumet.
  6701 | D:6      | Reached XP level 9. HP: 49/49 MP: 10/17
  6859 | D:7      | Found a glowing silver altar of Zin.
  7083 | D:7      | Found a stormy altar of Qazlal.
  7412 | D:8      | Offered knowledge of Freeze by Vehumet.
  7431 | D:8      | Reached ** piety under Vehumet
  8334 | D:9      | Noticed a hornet
  8340 | D:9      | Killed a hornet
  8621 | D:9      | Noticed a troll
  8626 | D:9      | Reached XP level 10. HP: 56/56 MP: 15/19
  8784 | D:9      | Noticed Harold
  8808 | D:9      | Killed Harold
  9089 | D:10     | Entered Level 10 of the Dungeon
  9136 | D:10     | Offered knowledge of Dazzling Flash by Vehumet.
  9290 | D:10     | Learned a level 5 spell: Irradiate
  9620 | D:10     | Found a runed translucent gate.
  9620 | D:10     | Found a runed translucent gate.
  9620 | D:10     | Found a runed translucent gate.
  9621 | D:10     | Noticed a kobold demonologist
  9621 | D:10     | Identified the cursed +3 dagger of Tegaveg {chaos, Dex+4}
  9622 | D:10     | Noticed Sensen's ghost (novice DsFi)
  9623 | D:10     | Noticed a kobold demonologist
  9636 | D:10     | Killed a kobold demonologist
  9637 | D:10     | Reached *** piety under Vehumet
  9650 | D:10     | Killed a kobold demonologist
  9650 | D:10     | Reached skill level 5 in Fighting
  9650 | D:10     | Reached skill level 5 in Armour
  9651 | D:10     | Killed Sensen's ghost
  9651 | D:10     | Reached XP level 11. HP: 46/64 MP: 2/21
 10117 | D:11     | Found a staircase to the Lair.
 10156 | D:11     | Reached skill level 5 in Staves
 10161 | D:11     | Offered knowledge of Iskenderun's Mystic Blast by Vehumet.
 10640 | D:11     | Noticed a two-headed ogre
 10646 | D:11     | Killed a two-headed ogre
 11119 | D:12     | Reached skill level 5 in Evocations
 11151 | D:12     | Killed an unseen horror
 11151 | D:12     | Reached skill level 5 in Dodging
 11151 | D:12     | Reached skill level 10 in Earth Magic
 11446 | D:12     | Noticed an eight-headed hydra
 11453 | D:12     | Killed an eight-headed hydra
 11453 | D:12     | Reached **** piety under Vehumet
 11633 | D:12     | Noticed Gastronok
 11675 | D:12     | Killed Gastronok
 11675 | D:12     | Offered knowledge of Bolt of Magma by Vehumet.
 11675 | D:12     | Reached XP level 12. HP: 64/71 MP: 5/23
 11817 | D:12     | Found a staircase to the Orcish Mines.
 12506 | D:13     | Noticed a six-headed hydra
 12515 | D:13     | HP: 1/71 [six-headed hydra (5)]
 12518 | D:13     | Killed a six-headed hydra
 12895 | D:13     | Noticed a centaur warrior
 12915 | D:13     | Killed a centaur warrior
 13128 | D:13     | Noticed Maurice
 13147 | D:13     | Killed Maurice
 13184 | D:13     | Found an opulent altar of Gozag.
 13481 | D:13     | Noticed a two-headed ogre
 13483 | D:13     | Noticed a two-headed ogre
 13485 | D:13     | Killed a two-headed ogre
 13487 | D:13     | Killed a two-headed ogre
 13494 | D:13     | Noticed an ogre mage
 13498 | D:13     | Killed an ogre mage
 13578 | D:13     | Reached ***** piety under Vehumet
 13585 | D:13     | Learned a level 5 spell: Bolt of Magma
 13591 | D:13     | Learned a level 5 spell: Fireball
 13595 | D:13     | Found a gate to the Vaults.
 13682 | D:13     | Offered knowledge of Iron Shot by Vehumet.
 13769 | D:13     | Noticed a centaur warrior
 13774 | D:13     | Reached XP level 13. HP: 62/78 MP: 25/25
 13782 | D:13     | Reached skill level 1 in Fire Magic
 14073 | D:14     | Reached skill level 2 in Fire Magic
 14557 | D:14     | Reached skill level 3 in Fire Magic
 15547 | Lair:1   | Entered Level 1 of the Lair of Beasts
 15889 | Lair:1   | You fall into a shaft and drop 1 floor!
 16044 | Lair:2   | Reached skill level 4 in Fire Magic
 16172 | Lair:1   | Learned a level 6 spell: Iron Shot
 17021 | Lair:2   | Reached skill level 10 in Conjurations
 17096 | Lair:2   | Noticed Maggie
 17103 | Lair:2   | Reached skill level 5 in Fire Magic
 17108 | Lair:2   | Killed Maggie
 17111 | Lair:2   | Gained mutation: Scrolls take you a little longer to read.
                  | [mutagenic glow]
 17645 | Lair:2   | Gained mutation: Your large and strong wings let you fly
                  | indefinitely. [Gargoyle growth]
 17645 | Lair:2   | Reached XP level 14. HP: 84/84 MP: 27/27
 18913 | Lair:3   | Found a hole to the Spider Nest.
 19137 | Lair:3   | Reached skill level 6 in Fire Magic
 19662 | Lair:4   | Gained mutation: You are dopey. (Int -2) [mutagenic glow]
 19706 | Lair:4   | Gained mutation: Scrolls take you longer to read.
                  | [mutagenic glow]
 20122 | Lair:4   | Noticed Kirke
 20156 | Lair:4   | Noticed a sphinx
 20165 | Lair:4   | Paralysed by a sphinx for 2 turns
 20174 | Lair:4   | Killed Kirke
 20505 | Lair:4   | Found a staircase to the Shoals.
 20744 | Lair:4   | Noticed Rupert
 20788 | Lair:4   | Paralysed by Rupert for 7 turns
 20796 | Lair:4   | Paralysed by Rupert for 5 turns
 20817 | Lair:4   | Killed Rupert
 20817 | Lair:4   | Reached skill level 7 in Fire Magic
 22539 | Lair:6   | Entered Level 6 of the Lair of Beasts
 22570 | Lair:6   | Reached XP level 15. HP: 66/92 MP: 20/28
 22598 | Lair:6   | Gained mutation: You are very dopey. (Int -4) [mutagenic
                  | glow]
 23232 | Lair:6   | Offered knowledge of Freezing Cloud by Vehumet.
 23258 | Lair:6   | Found a viscous altar of Jiyva.
 23259 | Lair:6   | Found a staircase to the Slime Pits.
 23372 | Lair:6   | Reached skill level 8 in Fire Magic
 23449 | Lair:6   | Reached skill level 10 in Fighting
 23723 | Lair:6   | Reached skill level 10 in Spellcasting
 25240 | Orc:1    | Entered Level 1 of the Orcish Mines
 25243 | Orc:1    | Found a roughly hewn altar of Beogh.
 25258 | Orc:1    | Offered knowledge of Conjure Ball Lightning by Vehumet.
 25708 | Orc:1    | Found Meekaopi's Antique Weapon Shoppe.
 25946 | Orc:2    | Entered Level 2 of the Orcish Mines
 26004 | Orc:2    | Found a staircase to the Elven Halls.
 26078 | Orc:2    | Reached skill level 9 in Fire Magic
 26089 | Orc:2    | Found Ykhyla's Armour Shop.
 26089 | Orc:2    | Found Zestroul's Jewellery Shoppe.
 26386 | Orc:2    | Bought a cursed ring of teleportation for 67 gold pieces
 26410 | Orc:2    | Found a roughly hewn altar of Beogh.
 26437 | Orc:2    | Found Zinuv's Assorted Antiques.
 26439 | Orc:2    | Found Pewniplatu's General Store.
 26564 | Orc:2    | Bought a scroll of identify for 60 gold pieces
 26564 | Orc:2    | Bought a scroll labeled YCU VACIQYKHLUFF for 30 gold pieces
 26564 | Orc:2    | Bought a potion of cancellation for 240 gold pieces
 27037 | D:15     | Entered Level 15 of the Dungeon
 27373 | D:15     | Noticed a fire giant
 27383 | D:15     | Killed a fire giant
 27726 | D:15     | Reached ****** piety under Vehumet
 27726 | D:15     | Reached XP level 16. HP: 63/99 MP: 15/30
 28014 | D:15     | Found a staircase to the Depths.
 28173 | D:15     | Offered knowledge of Iskenderun's Battlesphere by Vehumet.
 28585 | Spider:1 | Entered Level 1 of the Spider Nest
 28712 | Spider:1 | Reached skill level 10 in Fire Magic
 28940 | Spider:1 | Reached skill level 10 in Staves
 30400 | Spider:2 | Noticed Frances
 30406 | Spider:2 | Killed Frances
 31273 | Spider:2 | Offered knowledge of Lightning Bolt by Vehumet.
 33007 | Shoals:1 | Entered Level 1 of the Shoals
 33629 | Shoals:1 | Reached skill level 11 in Fire Magic
 34997 | Shoals:2 | Reached XP level 17. HP: 74/104 MP: 32/32
 35404 | Shoals:2 | Noticed a kraken
 35414 | Shoals:2 | Killed a kraken
 36006 | Shoals:2 | Noticed Ilsuiw
 36069 | Shoals:2 | Killed Ilsuiw
 36328 | Shoals:2 | Offered knowledge of Spellforged Servitor by Vehumet.
 37414 | Shoals:2 | Got the +11 quarterstaff of Impermanence {vorpal, Dex+3}
 38589 | Shoals:4 | Entered Level 4 of the Shoals
 38745 | Spider:3 | Reached skill level 12 in Fire Magic
 38822 | Spider:3 | Noticed Arachne
 38834 | Spider:3 | Killed Arachne
 40002 | Spider:4 | Entered Level 4 of the Spider Nest
 40231 | Spider:4 | Got a scintillating jade ring
 40234 | Spider:4 | Identified the ring of Eternal Harmony {rPois rF- rN+ Str+2
                  | Int+6} (You found it on level 4 of the Spider Nest)
 40505 | Spider:4 | Offered knowledge of Ignition by Vehumet.
 40548 | Spider:3 | Learned a level 8 spell: Ignition
 40738 | Spider:4 | Reached XP level 18. HP: 102/112 MP: 22/33
 41343 | Spider:4 | Reached skill level 13 in Fire Magic
 42136 | Spider:4 | Reached skill level 14 in Fire Magic
 42653 | Spider:4 | Got a gossamer rune of Zot
 43963 | Shoals:4 | Offered knowledge of Lehudib's Crystal Spear by Vehumet.
 43963 | Shoals:4 | Offered knowledge of Fire Storm by Vehumet.
 43963 | Shoals:4 | Offered knowledge of Absolute Zero by Vehumet.
 43973 | Shoals:4 | Lost mutation: Scrolls take you longer to read. [potion of
                  | mutation]
 43973 | Shoals:4 | Gained mutation: You are weak. (Str -2) [potion of
                  | mutation]
 43973 | Shoals:4 | Gained mutation: You are surrounded by a mild repulsion
                  | field. (EV +2) [potion of mutation]
 44177 | Shoals:4 | Got a barnacled rune of Zot
 44481 | Shoals:4 | Reached skill level 15 in Fire Magic
 44600 | Shoals:4 | Identified the amulet "Geuzed" {Spirit rElec rPois Int-3}
 44615 | Shoals:4 | Reached skill level 10 in Dodging
 45446 | Shoals:4 | Noticed Louise
 45490 | Shoals:4 | Killed Louise
 45971 | Vaults:1 | Entered Level 1 of the Vaults
 46788 | Vaults:1 | Reached XP level 19. HP: 117/117 MP: 30/34
 46910 | Vaults:1 | Reached skill level 15 in Earth Magic
 47538 | Vaults:1 | Found Giclan's Antique Weapon Shop.
 47541 | Vaults:1 | Found Vexzob's Food Shop.
 47582 | Vaults:1 | Bought a ration for 65 gold pieces
 47582 | Vaults:1 | Bought a ration for 65 gold pieces
 47582 | Vaults:1 | Bought a ration for 65 gold pieces
 47582 | Vaults:1 | Bought a ration for 65 gold pieces
 47582 | Vaults:1 | Bought a ration for 65 gold pieces
 47582 | Vaults:1 | Bought a ration for 65 gold pieces
 47582 | Vaults:1 | Bought a ration for 65 gold pieces
 47582 | Vaults:1 | Bought a ration for 65 gold pieces
 47582 | Vaults:1 | Bought a ration for 65 gold pieces
 47582 | Vaults:1 | Bought a ration for 65 gold pieces
 47582 | Vaults:1 | Bought a ration for 65 gold pieces
 49119 | Vaults:2 | Reached skill level 16 in Fire Magic
 49820 | Vaults:2 | Lost mutation: You are very dopey. (Int -4) [potion of
                  | mutation]
 49820 | Vaults:2 | Lost mutation: You are dopey. (Int -2) [potion of mutation]
 49820 | Vaults:2 | Lost mutation: You are weak. (Str -2) [potion of mutation]
 49820 | Vaults:2 | Gained mutation: Scrolls take you longer to read. [potion
                  | of mutation]
 49820 | Vaults:2 | Gained mutation: You have a pair of small horns on your
                  | head. [potion of mutation]
 50023 | Vaults:2 | Reached XP level 20. HP: 85/124 MP: 36/36
 50313 | Vaults:2 | Noticed Xtahua
 50320 | Vaults:2 | Killed Xtahua
 50504 | Vaults:2 | Noticed Mennas
 50635 | Vaults:2 | Paralysed by a vampire knight for 5 turns
 50881 | Vaults:2 | Found a staircase to the Crypt.
 51141 | Vaults:2 | HP: 4/124 [Mennas/+2 sacred scourge of holy wrath (16)]
 51142 | Vaults:2 | Slain by Mennas

Illustrated notes

Levels and vault maps discovered:
D:1:      lightli_arrival_boilingwater, layout_loops_ring, serial_forest,
          infiniplex_forest_clump_double, infiniplex_forest_lined_room_2,
          infiniplex_forest_clump_long, infiniplex_forest_clump_large,
          infiniplex_forest_corner_1, infiniplex_forest_end_2,
          infiniplex_forest_clump_small, nemelex_xobeh_ov_fountains_minmay
D:2:      layout_basic, serial_glass, glass_columns_c, glass_columns_c,
          glass_columns_b, glass_columns_a, glass_columns_b, glass_columns_b,
          glass_columns_b, glass_columns_b, glass_columns_a, glass_columns_b
D:3:      layout_loops_cross, serial_bayou_ford_a, uniq_jessica, uniq_robin
D:4:      layout_basic, minmay_temple_entry_butterflies, serial_shops, shop,
          first_ration, cheibrodos_ashenzari_chains
D:5:      layout_basic, serial_shops, shop
D:6:      lemuel_insect_pit, layout_basic, basic_altar, serial_shops,
          shop_statue, st_stairs_6, uniq_eustachio
D:7:      layout_cave_pools, nicolae_overflow_crystal_walls, basic_altar
D:8:      layout_cave_pools
D:9:      layout_irregular_city, uniq_harold
D:10:     layout_big_octagon, gammafunk_ghost_nasty_kobolds, grunt_pizzeria
D:11:     layout_long_grid, minmay_lair_entry_grove, chequers_garden
D:12:     layout_basic, erik_orc_3, hangedman_decor_push, abandoned_shop,
          uniq_gastronok
D:13:     layout_loops_cross, david_vaults_2, grunt_gozag_statues, uniq_maurice
D:14:     layout_long_grid, hangedman_decor_growths
D:15:     grunt_enter_depths_giant_problem, layout_irregular_city,
          serial_park_tiny_2
Temple:   regret_index_temple_sigil_plot
Lair:1:   cheibrodos_lair_river_kwai, layout_chaotic_city, beast_lair_carwin_11,
          infiniplex_staircase_pool_2, serial_bayou_shore_b,
          serial_bayou_shore_b
Lair:2:   layout_layer_cave, minmay_holes, uniq_maggie
Lair:3:   layout_chaotic_city, nicolae_spider_entry_non_spiders,
          infiniplex_staircase_pool, serial_bayou_shore_a, grunt_megastairs_5
Lair:4:   pond_and_an_island_with_a_cottage, layout_regular_city,
          elwin_shoals_entry_rocks, beast_lair_carwin_5, uniq_kirke, uniq_rupert
Lair:5:   layout_long_grid, grunt_megastairs_1
Lair:6:   hangedman_lair_tendril_chambers, layout_regular_city, slime_altar_1
Shoals:1: layout_shoals
Shoals:2: layout_shoals, nicolae_shoals_mertower, uniq_ilsuiw
Shoals:3: layout_shoals
Shoals:4: shoals_end_grunt_garden, layout_shoals, uniq_louise
Spider:1: layout_spider_delve
Spider:2: layout_chambers, uniq_frances
Spider:3: layout_spider_delve, uniq_arachne
Spider:4: grunt_spider_rune_circles
Orc:1:    layout_caves, serial_shops, shop_coins, basic_altar
Orc:2:    st_orc_town, layout_diamond_mine
Vaults:1: dpeg_vaults_pockets_of_resistance, grunt_vaults_diagonal,
          nicolae_vaults_asterisk, hangedman_vaults_impose,
          nicolae_vaults_inception_statues, nicolae_vaults_little_squares_3,
          v_alt_pattern_4, vaults_room_grunt_arrival_ludios,
          vaults_room_mumra_shop_pool, nicolae_vaults_little_ls,
          nicolae_vaults_diagonal_hallway_8, layout_vaults_chaotic_city,
          serial_shops, nicolae_shop_statue_plus
Vaults:2: nicolae_vaults_specimen_jars, hangedman_vaults_locks,
          vaults_mumra_lcd, v_pattern_2, minmay_crypt_entry_simple_walls,
          nicolae_vaults_mini_display_case, vaults_room_door_hall,
          vaults_dpeg_ring, layout_vaults_omnigrid, uniq_margery, uniq_mennas,
          uniq_xtahua

Skill      XL: |  1  2  3  4  5  6  7  8  9 10 11 12 13 14 15 16 17 18 19 |
---------------+----------------------------------------------------------+-----
Earth Magic    | 4 5 6 7 8 9 10 11 12 13 14 15 | 15.7
Spellcasting   | 3 4 5 6 7 8 9 10 11 12 | 12.3
Conjurations   | 1 2 3 4 5 6 7 8 9 10 11 12 13 | 13.9
Fighting       | 2 3 5 6 7 8 9 10 11 12 13 | 13.3
Armour         | 2 3 5 6 |  6.0
Staves         | 2 3 4 5 7 8 9 10 11 12 | 12.3
Evocations     | 1 3 4 5 6 |  6.0
Dodging        | 2 3 4 5 6 7 8 9 10 | 10.8
Fire Magic     | 5 7 9 11 12 15 16 | 16.2
Stealth        | |  2.1
Transmutations | |  0.7

Action                   |  1- 3 |  4- 6 |  7- 9 | 10-12 | 13-15 | 16-18 | 19-21 || total
-------------------------+-------+-------+-------+-------+-------+-------+-------++-------
Melee: Unarmed           |    36 |       |       |       |       |       |       ||    36
       Dagger            |    44 |    50 |       |       |       |       |       ||    94
       Lajatang          |       |   134 |   262 |   298 |   797 |   457 |       ||  1948
       Quarterstaff      |       |       |       |       |       |   469 |   258 ||   727
       Headbutt          |       |       |       |       |       |       |    19 ||    19
Throw: Throwing net      |       |       |       |       |       |     1 |     2 ||     3
 Cast: Sandblast         |    30 |    27 |    63 |   107 |   221 |    43 |    34 ||   525
       Stone Arrow       |       |       |     1 |     4 |     3 |       |       ||     8
       Lee's Rapid Decon |       |       |       |    24 |    50 |    41 |     4 ||   119
       Irradiate         |       |       |       |     5 |    33 |    45 |     1 ||    84
       Iron Shot         |       |       |       |       |    31 |   173 |    39 ||   243
       Fireball          |       |       |       |       |     6 |    37 |     3 ||    46
       Ignition          |       |       |       |       |       |    15 |    29 ||    44
 Abil: Fly               |       |       |       |       |     1 |       |       ||     1
Evoke: Wand              |       |       |     4 |    35 |    14 |    26 |       ||    79
  Use: Scroll            |     7 |     8 |     5 |     7 |    13 |    10 |     1 ||    51
       Potion            |       |     1 |       |     5 |     4 |    13 |    14 ||    37
 Stab: Sleeping          |     1 |     3 |     3 |       |     4 |     3 |     1 ||    15
       Paralysed         |       |       |       |       |       |     2 |       ||     2
       Confused          |       |       |       |       |       |     1 |       ||     1
       Distracted        |       |       |       |       |       |     2 |       ||     2
       Held in net/web   |       |       |       |       |       |       |     1 ||     1
  Eat: Chunk             |     2 |    10 |    13 |    20 |    56 |    50 |    21 ||   172
       Ration            |       |       |       |     1 |     4 |    23 |     6 ||    34
Armor: Robe              |    33 |    71 |   158 |   166 |   438 |   620 |   142 ||  1628
Dodge: Dodged            |    53 |   161 |   276 |   425 |  1082 |  1275 |   303 ||  3575
Block: Other             |    13 |    10 |       |       |       |       |       ||    23

Table legend:
 A = Non-vault XP
 B = Vault XP
 C = Vault XP percentage of total XP
 D = Non-vault monster count
 E = Vault monster count
 F = Vault count percentage of total count
                 A         B        C        D         E       F
            +---------+---------+-------+---------+---------+-------
      Total |  259648 |  156132 |  37.6 |     897 |     347 |  27.9
            +---------+---------+-------+---------+---------+-------
        D:1 |      13 |       0 |   0.0 |       8 |       0 |   0.0
        D:2 |     102 |       0 |   0.0 |      27 |       0 |   0.0
        D:3 |     170 |      74 |  30.3 |      27 |      14 |  34.1
        D:4 |      43 |       0 |   0.0 |       4 |       0 |   0.0
        D:5 |     837 |       0 |   0.0 |      26 |       0 |   0.0
        D:6 |     552 |     581 |  51.3 |      19 |      11 |  36.7
        D:7 |     267 |       0 |   0.0 |      15 |       0 |   0.0
        D:8 |    1182 |       0 |   0.0 |      29 |       0 |   0.0
        D:9 |    1346 |     981 |  42.2 |      12 |       1 |   7.7
       D:10 |    1312 |    2751 |  67.7 |      21 |      13 |  38.2
       D:11 |    2315 |    1790 |  43.6 |      29 |      13 |  31.0
       D:12 |    3726 |    2929 |  44.0 |      12 |      19 |  61.3
       D:13 |    9080 |    3200 |  26.1 |      43 |       4 |   8.5
       D:14 |    9414 |       0 |   0.0 |      34 |       0 |   0.0
       D:15 |   11977 |    1731 |  12.6 |      43 |       1 |   2.3
     Lair:1 |    1029 |    2094 |  67.1 |       4 |       8 |  66.7
     Lair:2 |    8798 |     389 |   4.2 |      25 |       1 |   3.8
     Lair:3 |    4541 |     500 |   9.9 |      18 |      10 |  35.7
     Lair:4 |    7462 |    8557 |  53.4 |      22 |      16 |  42.1
     Lair:5 |    5232 |     411 |   7.3 |      30 |       1 |   3.2
     Lair:6 |   12537 |    9837 |  44.0 |      34 |      36 |  51.4
   Shoals:1 |    9797 |       0 |   0.0 |      23 |       0 |   0.0
   Shoals:2 |   16384 |    8946 |  35.3 |      30 |      10 |  25.0
   Shoals:3 |   15784 |       0 |   0.0 |      31 |       0 |   0.0
   Shoals:4 |    9281 |   20387 |  68.7 |      21 |      32 |  60.4
   Spider:1 |   13563 |       0 |   0.0 |      48 |       0 |   0.0
   Spider:2 |   18203 |    2318 |  11.3 |      48 |       1 |   2.0
   Spider:3 |   12887 |    4122 |  24.2 |      32 |       3 |   8.6
   Spider:4 |   12182 |   26857 |  68.8 |      29 |      43 |  59.7
      Orc:1 |    2034 |       0 |   0.0 |      24 |       0 |   0.0
      Orc:2 |    2481 |    9368 |  79.1 |      18 |      58 |  76.3
   Vaults:1 |   34931 |   35811 |  50.6 |      62 |      40 |  39.2
   Vaults:2 |   30186 |   12498 |  29.3 |      49 |      12 |  19.7
            +---------+---------+-------+---------+---------+-------
